 Dungeon Crawl Stone Soup version 0.26.0-10-g1f06aea511 (webtiles) character file.

Game seed: 2732335449392572906

322 zergursh the Fighter (level 6, -15/72 HPs)
             Began as an Ogre Hunter on Jan 15, 2021.
             Was a Follower of Makhleb.
             Demolished by an ogre
             ... wielding a +0 giant club
              (22 damage)
             ... on level 4 of the Dungeon.
             The game lasted 00:12:11 (5279 turns).

zergursh the Fighter (Ogre Hunter)                  Turns: 5279, Time: 00:12:12

Health: -15/72     AC:  3    Str: 19    XL:     6   Next: 47%
Magic:  6/6        EV: 10    Int: 12    God:    Makhleb [*.....]
Gold:   127        SH:  0    Dex:  9    Spells: 5/5 levels left

rFire    . . .     SeeInvis .   a - +0 mace
rCold    . . .     Faith    .   (no shield)
rNeg     . . .     Spirit   .   z - +0 robe
rPois    .         Reflect  .   (helmet restricted)
rElec    .         Harm     .   (no cloak)
rCorr    +         Rampage  .   (gloves unavailable)
Will     .....                  (boots unavailable)
Stlth    +.........             (no amulet)
HPRegen  0.22/turn              e - ring of resist corrosion
MPRegen  0.10/turn              (no ring)

@: no status effects
A: large, unfitting armour, tough skin 1
a: Renounce Religion


You were on level 4 of the Dungeon.
You worshipped Makhleb.
Makhleb was aware of your devotion.
You visited 1 branch of the dungeon, and saw 4 of its levels.

You collected 127 gold pieces.

Inventory:

Hand Weapons
 a - a +0 mace (weapon)
 b - a +0 flail
 y - a +0 giant club
Missiles
 c - 5 large rocks (quivered)
 d - 2 throwing nets
 l - 101 stones
 u - 8 silver boomerangs
Armour
 z - a +0 robe (worn)
Jewellery
 e - a ring of resist corrosion (left hand)
Scrolls
 f - a scroll of identify
 m - 3 scrolls of teleportation
 n - a scroll of fear
 o - a scroll of magic mapping {unknown}
 t - 2 scrolls of amnesia {unknown}
Potions
 g - 3 potions of flight {unknown}
 h - a potion of berserk rage
 i - a potion of cancellation
 j - a potion of curing
 k - a potion of haste {unknown}
 q - a potion of invisibility {unknown}
 s - a potion of mutation {unknown}
 v - a potion of degeneration {unknown}
 w - a potion of heal wounds {unknown}
 x - a potion of lignification {unknown}


   Skills:
 * Level 8.0 Fighting
 - Level 2.0 Short Blades
 + Level 0.0 Maces & Flails
 - Level 4.0 Throwing
 - Level 1.7 Dodging
 - Level 0.6 Stealth


You had 5 spell levels left.
You didn't know any spells.
Your spell library was empty.

Dungeon Overview and Level Annotations

Branches:
Dungeon (4/15)             Temple (0/1) D:4

Altars:
Ashenzari
Makhleb
Yredelemnul
Zin

Annotations:
D:3 exclusion: ogre
D:4 exclusion: ogre


Innate Abilities, Weirdness & Mutations

You are too large for most types of armour.
You have tough skin. (AC +1)


Message History

The ogre is heavily wounded.
The ogre barely misses you.
You hit the ogre.
The ogre is heavily wounded.
The ogre looks more healthy.
The ogre closely misses you.
You completely miss the ogre.
The ogre is heavily wounded.
The ogre barely misses you.
You sock the ogre!
The ogre is almost dead.
The ogre hits you with a +0 giant club!!
* * * LOW HITPOINT WARNING * * *
There is a stone staircase leading up here.
There is a stone staircase leading up here.
There is a stone staircase leading up here.
The ogre hits you with a +0 giant club!
* * * LOW HITPOINT WARNING * * *
There is a stone staircase leading up here.
The ogre hits you with a +0 giant club!!
You die...

#..##..#.# #......#.#
##.##..... ####.##..... ..
.....#...
#########.###.......#
#.......#.####...#..#
#.##.O.......#...#..#
#########
#.##@##.#.#...((.....
#.......####....##.#.#
#...#...
#.###.#.......####.#..
....##.#
#.##.###.###.#####.###. ...
...# #.#.## ##.##...<...#
.##.#.####
#.##.###.#############.##.#
#.##..#.## #...... ... ...
#.......# #.....# #.#
#.###### ####.####
#.....####.# #.##....


You could see an ogre.

Vanquished Creatures
  An ogre (D:4)
  A hound (D:2)
  An orc wizard (D:4)
  2 worker ants (D:4)
  5 adders
  An ooze (D:3)
  2 adder skeletons (D:4)
  3 worms
  3 dart slugs
  4 leopard geckos
  2 orcs
  11 bats
  2 giant cockroaches
  6 goblins
  8 hobgoblins
  3 jackals (D:2)
  A quokka (D:2)
  2 ball pythons
  6 frilled lizards
  5 kobolds
  5 rats
74 creatures vanquished.

Notes
Turn   | Place    | Note
-------+----------+-------------------------------------------
     0 | D:1      | zergursh the Ogre Hunter began the quest for the Orb.
     0 | D:1      | Reached XP level 1. HP: 22/22 MP: 1/1
   210 | D:1      | Reached skill level 3 in Fighting
   242 | D:1      | Reached XP level 2. HP: 31/31 MP: 2/2
   808 | D:1      | Reached skill level 1 in Short Blades
  1031 | D:1      | Reached XP level 3. HP: 37/39 MP: 3/3
  1319 | D:2      | Reached skill level 4 in Fighting
  1669 | D:2      | Found a glowing silver altar of Zin.
  1847 | D:2      | Found a burning altar of Makhleb.
  1854 | D:2      | Found a basalt altar of Yredelemnul.
  1854 | D:2      | Found a broken altar of Ashenzari.
  1873 | D:2      | Became a worshipper of Makhleb the Destroyer
  2241 | D:2      | Reached XP level 4. HP: 47/49 MP: 4/4
  2362 | D:2      | Reached skill level 5 in Fighting
  2906 | D:3      | Reached skill level 6 in Fighting
  2906 | D:3      | Reached XP level 5. HP: 50/59 MP: 5/5
  3524 | D:3      | Reached * piety under Makhleb
  3654 | D:3      | Noticed an ogre
  3833 | D:4      | Noticed an ogre
  3986 | D:4      | Noticed an ogre
  3999 | D:4      | Killed an ogre
  4000 | D:4      | Reached skill level 7 in Fighting
  4000 | D:4      | Reached XP level 6. HP: 71/71 MP: 6/6
  4098 | D:4      | Found a staircase to the Ecumenical Temple.
  4190 | D:4      | Noticed a phantom
  4646 | D:4      | Reached skill level 8 in Fighting
  5256 | D:4      | HP: 2/72 [ogre/+0 giant club (12)]
  5279 | D:4      | Demolished by an ogre

Illustrated notes

Levels and vault maps discovered:
D:1:      lightli_arrival_isolated_outpost, layout_basic
D:2:      minmay_recursive_quarters, layout_rooms, grunt_temple_overflow_open,
          lemuel_coloured_pillars_altar
D:3:      layout_basic
D:4:      layout_loops_cross, minmay_temple_entry_slanted

Skill      XL: |  1  2  3  4  5  6 |
---------------+-------------------+-----
Fighting       | 3 4 6 7 8 |  8.0
Short Blades   | 1 2 |  2.0
Throwing       | |  4.0
Dodging        | |  1.7
Stealth        | |  0.6

Action                   |  1- 3 |  4- 6 || total
-------------------------+-------+-------++-------
Melee: Short sword       |   134 |   162 ||   296
       Mace              |    17 |     8 ||    25
Throw: Stone             |    41 |    16 ||    57
       Boomerang         |     3 |    17 ||    20
       Large rock        |       |     4 ||     4
       Dart              |       |     9 ||     9
  Use: Scroll            |       |     7 ||     7
Armor: Robe              |    58 |    70 ||   128
Dodge: Dodged            |    78 |   107 ||   185
